Map: NeoHumanity LE

Players

Gekko - Winner!

  • Race: Protoss Protoss
  • Spawn Location: 5:00

VOD

Have the link to the VOD?

Description

Time

  • Played on: Aug. 4, 2023, 6:35 p.m.
  • Length: 10:49
Show
View Real Time Build Order
Export as new Build Order

Gekko Protoss - Winner!

Build Orders:  

Get SALT Encoding   

  12  0:03  Probe (Chrono Boost)  
  13  0:23  Pylon  
  13  0:24  Probe (Chrono Boost)  
  14  0:36  Probe (Chrono Boost)  
  15  0:45  Assimilator  
  15  1:04  Gateway  
  15  1:09  Assimilator  
  15  1:25  Probe (Chrono Boost)  
  16  1:37  Probe (Chrono Boost)  
  17  1:50  Probe (Chrono Boost)  
  18  2:04  Pylon  
  18  2:07  Probe (Chrono Boost)  
  19  2:14  Cybernetics Core  
  19  2:17  Zealot  
  21  2:35  Probe (Chrono Boost)  
  22  2:45  Pylon  
  22  2:54  Zealot  
  24  3:13  Stargate  
  24  3:19  Probe (Chrono Boost)  
  25  3:36  Probe (Chrono Boost)  
  26  3:54  Pylon  
  26  4:12  Void Ray (Chrono Boost)  
  30  4:38  Stalker  
  32  4:52  Pylon  
  32  5:05  Void Ray (Chrono Boost)  
  32  5:12  Stalker (Chrono Boost)  
  36  5:21  Warp Gate  
  38  6:06  Void Ray  
  42  6:19  Stalker (Chrono Boost)  
  40  7:00  Zealot (Chrono Boost)  
  40  7:07  Void Ray  
  40  7:38  Zealot (Chrono Boost)  
  42  8:16  Zealot (Chrono Boost)  
  44  9:38  Void Ray (Chrono Boost)  
Tags
 
Add a new tag
Caveats
  • Supply blocks, unpowered buildings, or Contaminate may cause inaccurate times.
  • Supply counts are checked every 10 seconds.